[Event "German Bundesliga 2021-22"]
[Site "Germany"]
[Date "2022.05.01"]
[Round "6.5"]
[White "L'Ami, Erwin"]
[Black "Svane, Frederik"]
[Result "1-0"]
[ECO "E10"]
[WhiteElo "2622"]
[BlackElo "2496"]
[Annotator "TA"]
[PlyCount "139"]
[EventDate "2022.03.05"]
[EventType "team-tourn"]
[EventCountry "GER"]
[SourceTitle "playchess.com"]
[Source "ChessBase"]
[SourceQuality "1"]
[TimeControl "40/5400+30:1800+30"]

1. d4 Nf6 2. c4 e6 3. Nf3 d5 4. g3 Bb4+ 5. Bd2 Be7 6. Bg2 O-O 7. O-O c6 8. Qc2 b6 9. Bf4 Bb7 10. Rd1 Nbd7 11. Ne5 {[%emt 0:00:00] 11.Ne5 scores better than 11.Nc3.} Nh5 {[%emt 0:00:00] E08: Closed Catalan: Main Line: 7 Qc2.} 12. Bd2 Nhf6 13. cxd5 cxd5 {[%emt 0:00:00] The position is equal.} 14. Nc6 Qe8 (14... Bxc6 $5 15. Qxc6 Rc8 $11) 15. Nxe7+ Qxe7 16. Qc7 Rab8 17. Qc3 {[%emt 0:00:00] [#]} Ne4 $146 ({Predecessor:} 17... Rfc8 18. Qa3 Qd8 19. Nc3 a6 20. Bf4 Ra8 21. e3 b5 22. Bd6 Ne4 23. Rdc1 Nb6 24. Nxe4 dxe4 {½-½ (62) Relyea,A (2289)-Barclay,A (2422) ICCF email 2021}) 18. Qb4 Qxb4 (18... Qd8 {with more complications.} 19. Bf4 a5 20. Qa3 Rc8) 19. Bxb4 Rfc8 20. f3 a5 21. Ba3 Nef6 22. Bd6 Ra8 23. Nc3 Rc6 24. Bf4 Ba6 25. e4 Bc4 26. a4 Nb8 27. Ra3 Rc8 28. Nb5 Bxb5 29. axb5 Nbd7 30. e5 Ne8 31. Bf1 Ra7 32. b4 a4 33. Rda1 Rca8 34. Be3 Kf8 35. Bd3 Ke7 36. Kf2 {[%emt 0:00:31] White is more active.} (36. Bxh7 g6 37. Bg5+ f6 $17) 36... f5 (36... f6 $16) 37. g4 g6 38. Ke2 Kf7 39. Kd2 Ke7 40. Kc2 Rc7+ 41. Kb2 Rca7 42. Rc1 Nb8 43. Rac3 {[%emt 0:00:00][%cal Ba3c3,Bc3c8,Bc8c6][%mdl 32] Inhibits Rc7.} a3+ 44. Ka2 Ra4 45. Bg5+ Kf7 46. Bd2 Ke7 47. Rc8 {[%emt 0:00:00] [#] Hoping for Bg5+.} R4a7 48. Be2 Nd7 49. R8c6 Rb7 50. h4 Nf8 51. h5 Raa7 52. Bh6 Ra4 53. Bd2 Raa7 $1 54. Rh1 {[%emt 0:00:00] [#] And now hxg6 would win.} Kf7 55. Bd3 Ng7 $2 (55... Ra8 56. Bh6 Ng7 57. gxf5 Nxh5 58. Bxf8 Rxf8 59. Rxe6 Kg8) 56. hxg6+ $18 {[%emt 0:01:48] White is clearly winning.} hxg6 57. Rh8 {[%emt 0:00:16] Black must now prevent Rc8.} Ra8 {[%emt 0:00:36] Against Rc8} 58. Bh6 Rab8 59. Kxa3 Ra8+ 60. Kb2 Rab8 61. Kc3 Ra8 62. Kd2 Ra2+ 63. Bc2 {[%emt 0:00:41] Intending Rc8 and mate. This bishop pair is nice.} Ra8 {[%emt 0:00:04] Inhibits Rc8.} 64. Ke2 Rab8 65. Ke3 Ra8 66. Kf4 Rab8 67. Kg5 Ra8 68. Bd3 Rab8 69. gxf5 gxf5 70. f4 {[%emt 0:01:12] Weighted Error Value: White=0.14 (very precise) /Black=0.28 (precise)} 1-0

[Event "German Bundesliga 2021-22"]
[Site "Germany"]
[Date "2022.05.01"]
[Round "6.5"]
[White "Ribli, Zoltan"]
[Black "Boensch, Uwe"]
[Result "1/2-1/2"]
[ECO "E05"]
[WhiteElo "2529"]
[BlackElo "2494"]
[Annotator "TA"]
[PlyCount "125"]
[EventDate "2022.03.05"]
[EventType "team-tourn"]
[EventCountry "GER"]
[SourceTitle "playchess.com"]
[Source "ChessBase"]
[SourceQuality "1"]
[TimeControl "40/5400+30:1800+30"]

1. Nf3 {[%emt 0:00:00] ChessBase II} d5 2. g3 Nf6 3. Bg2 e6 4. O-O Be7 5. c4 O-O 6. d4 dxc4 7. Qc2 a6 8. a4 Bd7 9. Qxc4 Bc6 10. Bf4 Bd6 {[%emt 0:00:00] E05: Open Catalan: 5 Nf3 Be7.} 11. Qc1 Bxf4 12. Qxf4 Qd6 13. Qc1 {[%emt 0:00:00] [#]} Bxf3 $146 ({Predecessor:} 13... Bd5 14. Nc3 Nc6 15. e3 Nb4 16. Qb1 Qe7 17. a5 c5 18. Nxd5 Nfxd5 19. e4 Nc7 20. dxc5 Qxc5 {0-1 (37) Eljanov,P (2755)-Aronian,L (2780) Wijk aan Zee 2017 CBM 177 [ChessBase II]}) 14. Bxf3 c6 15. Rd1 e5 16. dxe5 Qxe5 17. Nd2 Nbd7 18. Nc4 Qc7 19. Qf4 Qxf4 20. gxf4 Rfd8 21. Na5 {[%emt 0:03:04] White is more active.} Rab8 {[%emt 0:01:36] [#]} 22. Bxc6 $1 bxc6 23. Nxc6 Re8 24. Nxb8 Rxb8 25. Rd6 Ra8 (25... Rxb2 $2 26. Rxa6 Rxe2 27. Ra8+ Re8 28. Rxe8+ Nxe8 29. a5 $18) (25... a5 $142) 26. Rad1 $16 Ra7 27. e4 $1 Nf8 28. Rc6 Nxe4 29. Rd8 {[%emt 0:00:12] Hoping for Rcc8.} f5 (29... Nf6 $16 30. a5 N6d7) 30. Rcc8 $1 $18 ({Weaker is} 30. f3 Nf6 $16) 30... Rf7 31. b4 Nf6 (31... Rf6 $142 32. b5 Nd6) 32. Ra8 Nh5 33. Rxa6 Nxf4 $2 (33... Rc7 {is tougher.} 34. b5 Rc1+ 35. Kg2 Nxf4+ 36. Kf3 g5) 34. Raa8 N4e6 35. Rd6 Nf4 36. Rdd8 $2 (36. h4 $18) 36... N4e6 $1 $16 37. Rd1 {[%emt 0:00:02][%mdl 1024] Strongly threatening a5. White has strong compensation.} Rb7 38. b5 Kf7 39. Rb1 {[%emt 0:00:12] aiming for b6.} Nc7 (39... Nd7 $16) 40. Rc8 $18 Nfe6 41. b6 Ke7 42. a5 Kd7 43. Rh8 ({Not} 43. Rxc7+ Nxc7 44. Rd1+ Ke6 $11) 43... Na6 44. Rxh7 Kc6 45. Rh8 Rd7 46. Ra8 Nec5 47. Ra7 Rb7 $2 (47... g5 {was called for.} 48. Kg2 Rd5) 48. h4 Nb8 49. Kg2 Nbd7 50. Kg3 g6 51. Rc1 (51. f3 $142 {Ra8 is the strong threat.} Ne6 52. Ra8) 51... Rxa7 52. bxa7 Kb7 53. f3 $2 (53. Rd1 $1 $18) 53... Kxa7 $2 (53... f4+ $1 $14 54. Kg2 Kxa7) 54. Rd1 {[%emt 0:00:00] Black must now prevent Rd6.} Nf8 55. Kf4 $1 Ka6 56. Ke5 $1 Kxa5 {[%emt 0:00:00] [#]} 57. Rd8 $2 (57. Kd6 $1 Kb4 58. Rb1+ Nb3 59. Ke7) 57... Kb5 {[%emt 0:00:00] [#]} 58. Rc8 $2 ({Stronger than} 58. Rb8+ Kc4 59. Rxf8 Nd7+ 60. Ke6 Nxf8+ $11) (58. Kf6 $1 $18 Nfe6 59. Rb8+ Kc6 60. Kxg6) 58... Kc4 {[%emt 0:00:00] The position is equal.} 59. Kd6 Nfe6 60. Rg8 Nf4 61. Ke5 Ncd3+ 62. Kf6 Kd4 63. Re8 {[%emt 0:00:39][%mdl 64] Remove Defender. White really could win this.  Weighted Error Value: White=0.36/Black=0.30} 1/2-1/2

[Event "German Bundesliga 2021-22"]
[Site "Germany"]
[Date "2022.05.01"]
[Round "6.5"]
[White "Sorensen, Hampus"]
[Black "Dardha, Daniel"]
[Result "1/2-1/2"]
[ECO "B06"]
[WhiteElo "2367"]
[BlackElo "2541"]
[Annotator "TA"]
[PlyCount "85"]
[EventDate "2022.03.05"]
[EventType "team-tourn"]
[EventCountry "GER"]
[SourceTitle "playchess.com"]
[Source "ChessBase"]
[SourceQuality "1"]
[TimeControl "40/5400+30:1800+30"]

1. e4 g6 2. d4 Bg7 3. Nf3 c6 4. Bd3 d5 5. exd5 cxd5 6. O-O Nc6 7. c3 Nf6 8. Bf4 Bf5 {[%emt 0:00:18] B13: Caro-Kann: Exchange Variation and Panov-Botvinnik Attack.} 9. Bxf5 gxf5 10. Ne5 Ne4 {[%emt 0:06:48] [#] White is slightly better.} 11. Nd3 $146 ({Predecessor:} 11. Qh5 Nxe5 12. dxe5 e6 13. Qe2 O-O 14. Re1 Qb6 15. Be3 Qc7 16. f3 Nc5 17. Bd4 {½-½ (30) Shour,J (2210)-Boukh,B (2370) St Petersburg 1998}) 11... e6 12. f3 Nd6 13. Nd2 h5 14. Re1 Bh6 15. Qe2 Kf8 16. Qe3 Kg7 17. b3 Qf6 18. Kh1 Rac8 19. Rac1 h4 20. Rg1 {[%emt 0:03:18] [#] Hoping for g4.} Rcd8 (20... Bxf4 $11 21. Nxf4 b5) 21. Rce1 (21. g4 $14 hxg3 22. Rxg3+ Kf8 23. Bxd6+ Rxd6 24. f4) 21... Bxf4 $11 22. Nxf4 Kf8 23. Re2 Nc8 24. Nb1 N8e7 25. Na3 Ng6 26. Nc2 Nce7 27. Ne1 Rc8 28. Nxg6+ Nxg6 29. Qd2 Kg7 30. Nd3 Rc7 31. Ne5 Nxe5 32. dxe5 Qh6 {[%emt 0:00:17] White must now prevent ...Qxd2.} 33. Qd4 f4 ({Black should try} 33... Rhc8 $11) 34. c4 $14 Rd8 {[%emt 0:02:43] [#]} 35. cxd5 ({Better is} 35. Re4 $1 $14 dxe4 36. Qxd8) 35... Rxd5 $11 {[%emt 0:00:07] The position is equal.} 36. Qxa7 Qg5 37. Qf2 Rc3 38. Rge1 Rcd3 39. Kg1 h3 40. Kh1 Qh5 41. Re4 Rd2 42. R4e2 R2d3 43. Re4 {[%emt 0:00:00] Weighted Error Value: White=0.11 (very precise) /Black=0.10 (very precise)} 1/2-1/2

[Event "German Bundesliga 2021-22"]
[Site "Germany"]
[Date "2022.05.01"]
[Round "6.6"]
[White "Novikov, Igor"]
[Black "Stark, Lars"]
[Result "1-0"]
[ECO "E15"]
[WhiteElo "2551"]
[BlackElo "2386"]
[Annotator "TA"]
[PlyCount "143"]
[EventDate "2022.03.05"]
[EventType "team-tourn"]
[EventCountry "GER"]
[SourceTitle "playchess.com"]
[Source "ChessBase"]
[SourceQuality "1"]
[TimeControl "40/5400+30:1800+30"]

1. d4 Nf6 2. c4 e6 3. Nf3 b6 4. g3 Ba6 5. b3 c6 6. Bg2 {[%emt 0:00:00] E15: Queen's Indian: 4 g3 sidelines, 4 g3 Ba6 and 4 g3 Bb7 early deviations.} Bb4+ 7. Nbd2 d5 8. O-O {[%emt 0:01:57] White is slightly better.} Nbd7 9. Bb2 (9. e4 $5) 9... O-O 10. Rc1 Rc8 11. a3 Be7 {[%emt 0:01:56] [#]} 12. b4 $146 ({Predecessor:} 12. Re1 Ne4 13. Nxe4 dxe4 14. Nd2 f5 15. b4 Qc7 16. f3 Bg5 17. e3 exf3 18. Nxf3 {1-0 (32) Horvath,C (2540)-Emodi,B (2315) Hungary 1995}) 12... Bb7 13. c5 a5 14. Qc2 axb4 15. axb4 Ba6 16. Rfe1 Bb5 17. e4 Qc7 18. e5 Ne8 19. h4 Qd8 20. Nb1 Nc7 21. Nc3 Ba6 22. Rb1 Bc4 23. Nd2 Ba6 24. Bc1 bxc5 25. bxc5 Rb8 26. Rxb8 Qxb8 27. Nf3 Rc8 28. Bg5 Bf8 29. Rb1 Qa8 30. Ra1 Qb7 31. Nd2 Rb8 32. Rb1 Qc8 33. Nb3 Nb5 34. Ra1 {[%emt 0:02:48] Inhibits Na3.} h6 35. Be3 Nxc3 36. Qxc3 Be7 37. Ra3 Bd8 38. Qa1 Bc4 39. Nd2 Bb5 40. Bh3 Nf8 41. h5 Be2 42. f3 Nh7 43. Kf2 Bb5 44. f4 Nf8 45. Bg4 (45. Nf3 {is more complex.} Bc4 46. g4 Rb3 47. Rxb3 Bxb3 48. Bf1) 45... Nh7 46. Be2 Bxe2 47. Kxe2 f5 48. Ra7 Bc7 (48... Nf8 $16 49. Nf3 g6) 49. Qa6 Qd7 (49... Bd8 $142 50. Kf3 Nf8) 50. Ra8 $2 (50. Kd3 $18 {and White stays clearly on top.}) 50... Rxa8 $16 51. Qxa8+ Nf8 52. Kd3 (52. Nb3 $16) 52... g6 (52... Kf7 $11 {remains equal.}) 53. hxg6 $1 Kg7 54. Nb3 $1 {[%emt 0:00:00] Bd2 is the strong threat. White is much more active.} Nxg6 55. Qb7 (55. Bd2 $1 $16) 55... Nf8 $2 (55... Ne7 $11) 56. Bd2 $1 $18 {[%emt 0:00:00] Black must now prevent Ba5.} Bd8 {[%emt 0:00:00] [#]} 57. Qxd7+ Nxd7 {[%emt 0:00:00] [#]} 58. Ba5 $1 Bxa5 (58... Be7 59. Bc7 Kf8) 59. Nxa5 {[%emt 0:00:00][%mdl 4096] Endgame KN-KN} Nb8 60. Ke3 (60. Kc3 $142 Kf7 61. Kb4) 60... Kf7 $2 ({Black should try} 60... Kf8 $18 61. Kf3 h5) 61. Kf3 $16 Ke7 $2 (61... h5 $16 {was necessary.}) 62. g4 $18 {[%emt 0:00:00] Strongly threatening Kg3.} fxg4+ $2 (62... Kf7 63. Nb7 Na6) 63. Kxg4 {[%emt 0:00:00] And now Kh5 would win.} Kd7 64. f5 h5+ 65. Kxh5 {[%emt 0:00:00] White mates.} exf5 66. Kg5 Ke6 67. Kf4 Na6 68. Nxc6 Kd7 69. Na7 Ke6 70. c6 Nc7 71. Kg5 Na6 72. Nb5 {[%emt 0:00:00] Weighted Error Value: White=0.20 (precise) /Black=0.26 (precise)} 1-0

[Event "German Bundesliga 2021-22"]
[Site "Germany"]
[Date "2022.05.01"]
[Round "6.6"]
[White "Heinemann, Thies"]
[Black "Warmerdam, Max"]
[Result "0-1"]
[ECO "B15"]
[WhiteElo "2495"]
[BlackElo "2607"]
[Annotator "TA"]
[PlyCount "148"]
[EventDate "2022.03.05"]
[EventType "team-tourn"]
[EventCountry "GER"]
[SourceTitle "playchess.com"]
[Source "ChessBase"]
[SourceQuality "1"]
[TimeControl "40/5400+30:1800+30"]

1. e4 c6 2. d4 d5 3. Nd2 dxe4 4. Nxe4 Nf6 5. Nxf6+ exf6 6. Nf3 Bd6 7. Be2 Na6 8. O-O Nc7 9. Re1 O-O 10. c3 Re8 11. Bd3 Bg4 12. Rxe8+ Qxe8 13. Bd2 a5 14. h3 Bh5 15. Qe2 Qd7 16. Re1 a4 17. Qe4 Bg6 18. Qe2 b5 19. Bxg6 hxg6 20. c4 g5 21. Be3 Rb8 22. Qc2 Bf8 23. Rc1 a3 24. bxa3 (24. b3 $5 ) 24... Bxa3 25. Rb1 Ra8 26. Rb3 Bf8 27. Rc3 Bb4 28. Rb3 Bf8 29. Rc3 $1 Ne8 30. Qe2 Nd6 31. cxb5 cxb5 32. Rc2 Qf5 33. Ne1 Ra3 34. Qf3 Qe6 35. d5 Qe5 36. Qd1 Nc4 37. Bc1 Qa1 38. Qe2 Ra8 39. g3 Rd8 40. Qe4 Nb6 41. Kg2 Nxd5 42. Bd2 b4 43. Nf3 Qb1 44. Qc4 Qd1 45. Rb2 Qa4 46. h4 ({Better is} 46. Rc2) 46... Qa3 47. Rc2 Nb6 48. Qe4 gxh4 49. Qxh4 {[%emt 0:01:09] [#]} (49. Nxh4 $17 Nd5 50. Nf3) 49... Qa8 $1 $19 50. Be3 Nd5 51. Qd4 $2 (51. Bd2 {is a better defense.}) 51... b3 $19 52. axb3 Nb4 53. Qc4 Nxc2 54. Qxc2 Qb7 55. g4 Re8 56. Qf5 (56. Qd3 $142) 56... Qxb3 57. g5 Qe6 58. Qf4 $2 (58. Qxe6 fxe6 59. g6) 58... fxg5 59. Nxg5 Qg6 60. Kf1 Rd8 61. Qa4 $2 (61. Qe4) 61... Qd3+ 62. Kg2 Qd5+ 63. Kh3 (63. Qe4 $142) 63... Rd6 64. Qe8 Qf5+ (64... f6 $142 65. Qe4 fxg5 66. Qxd5+ Rxd5) 65. Kg3 $19 Rd1 66. f4 Qd7 67. Qe4 g6 68. Qc4 (68. Nf3 $142) 68... Qd5 69. Qa4 (69. Qxd5 $142 Rxd5 70. Ne4) 69... Rd3 $19 70. Qe8 Qd7 (70... Ra3 $142 {White must now prevent ...Kg7.} 71. Kh4 Ra2 72. Qxf7+ Qxf7 73. Nxf7 Kxf7) 71. Qe5 (71. Qxd7 $19 Rxd7 72. Kf3) 71... Bd6 72. Qe4 Bc5 73. Qa8+ Kg7 74. Qa1+ Bd4 0-1

[Event "German Bundesliga 2021-22"]
[Site "Germany"]
[Date "2022.05.01"]
[Round "6.7"]
[White "Andersen, Mads"]
[Black "Sebastian, Dirk"]
[Result "1-0"]
[ECO "A58"]
[WhiteElo "2570"]
[BlackElo "2445"]
[Annotator "TA"]
[PlyCount "65"]
[EventDate "2022.03.05"]
[EventType "team-tourn"]
[EventCountry "GER"]
[SourceTitle "playchess.com"]
[Source "ChessBase"]
[SourceQuality "1"]
[TimeControl "40/5400+30:1800+30"]

1. d4 Nf6 2. c4 c5 3. d5 b5 4. cxb5 a6 5. bxa6 g6 6. Nc3 Bg7 7. e4 O-O 8. Bc4 d6 9. Nf3 Bxa6 10. Bxa6 Nxa6 11. O-O Qa5 {[%emt 0:09:46] A57: Benko/Volga Gambit.} 12. a4 $5 {[%emt 0:37:20][%mdl 4] A promising side line.} Rfb8 13. Ra3 {[%emt 0:01:39] [#]} Rb4 $146 {[%emt 0:15:14] White is slightly better.} ({Predecessor:} 13... Nc7 14. Qc2 Nd7 15. Bd2 Qa6 16. h3 Qb7 17. Rb1 Ra6 18. Nd1 Rb6 19. Ba5 Ra6 20. Bd2 Rb6 21. Ba5 Ra6 22. Bd2 {½-½ (22) Richterova,N (2210)-Horak,M (2326) Czech Republic 2016}) 14. e5 Ng4 15. exd6 exd6 16. Nb5 (16. Bd2 $5 ) 16... Qb6 17. b3 (17. Bd2 $16) 17... Nc7 $14 18. Nxc7 Qxc7 19. Bd2 Rb6 20. a5 (20. h3 $5 Nf6 21. Bc3 $14) 20... Rbb8 21. Qc2 (21. h3 $14 Ne5 22. Nxe5 Bxe5 23. Qc2) 21... Nf6 $11 22. Qc4 Qb7 $1 {[%emt 0:06:00] Against b4} 23. Bf4 $36 {[%emt 0:02:26][%mdl 2048] White has good play.} Qxd5 24. Qxd5 Nxd5 25. Bxd6 Rb5 26. a6 Nb4 27. a7 Nc6 28. Re1 {[%emt 0:03:47][%cal Oe1e8] Hoping for Re8+!} Bf8 $2 {[%emt 0:01:22][%mdl 8192] [#] A mistake that costs the game.} (28... h6 $1 $11 {and Black is okay.}) 29. Re8 $3 $18 {[%emt 0:03:16][%mdl 512] White is winning.} Rxe8 30. a8=Q Rxa8 31. Rxa8 Rxb3 {[%emt 0:01:11] ( -> ...Rb1+)} 32. h4 ({But not} 32. Rxf8+ Kg7 33. Ne1 c4 $18) 32... Rb1+ 33. Kh2 {[%emt 0:00:06] Weighted Error Value: White=0.07 (flawless) /Black=0.49} 1-0

[Event "German Bundesliga 2021-22"]
[Site "Germany"]
[Date "2022.05.01"]
[Round "6.7"]
[White "Heinz, Timothee"]
[Black "Saltaev, Mihail"]
[Result "1/2-1/2"]
[ECO "E06"]
[WhiteElo "2374"]
[BlackElo "2482"]
[Annotator "TA"]
[PlyCount "139"]
[EventDate "2022.03.05"]
[EventType "team-tourn"]
[EventCountry "GER"]
[SourceTitle "playchess.com"]
[Source "ChessBase"]
[SourceQuality "1"]
[TimeControl "40/5400+30:1800+30"]

1. d4 d5 2. Nf3 Nf6 3. c4 e6 4. g3 Be7 5. Bg2 O-O 6. O-O dxc4 7. Ne5 c5 8. dxc5 Qc7 9. Nxc4 Qxc5 10. b3 Rd8 {[%emt 0:00:00] E05: Open Catalan: 5 Nf3 Be7.} 11. Nbd2 Qh5 12. e4 Qxd1 {[%emt 0:09:49] White is slightly better.} ({Less strong is} 12... Ng4 13. h3 Nf6 14. Qxh5 Nxh5 15. e5 $16) 13. Rxd1 {[%emt 0:00:29] [#]} b5 $146 {[%emt 0:05:33] [#]} ({Predecessor:} 13... Nc6 14. Bb2 b5 15. Bxf6 gxf6 16. e5 Bb7 17. Nd6 Bxd6 18. exd6 f5 19. Nf3 Nb4 {½-½ (54) Rodriguez Melian,J (2095)-Armenteros Peral,J (1971) Gran Canaria 2019}) 14. Ne3 (14. e5 $1 $14 {might be stronger.} Nd5 15. Ba3 $1 Bxa3 16. Nxa3) 14... Bb7 $11 15. Bb2 Na6 16. e5 Nd5 17. Nxd5 Bxd5 18. Bf1 Nc7 19. Rdc1 Rd7 20. Rc2 a6 21. Rac1 Ra7 22. Bd4 Rb7 23. Bc5 Bd8 24. a4 f6 25. axb5 axb5 26. exf6 gxf6 27. Ra1 Kf7 28. b4 Be7 29. Ra5 Rd8 30. Bxe7 Kxe7 31. Rc5 Rdb8 32. Nb1 Kd6 33. Nc3 Bc6 (33... Rb6 $14) 34. h4 {[%emt 0:01:35] White is more active.} f5 35. Bg2 (35. Ra2 $5 ) 35... Bxg2 36. Kxg2 Rb6 (36... h6 $11 {is more appropriate.}) 37. Ra7 (37. g4 $14) 37... Rc6 $15 38. Rxc6+ Kxc6 {[%emt 0:00:02][%mdl 4096] Endgame KRN-KRN} 39. Kf3 Rg8 40. Ra3 (40. h5 $15) 40... Rg4 $17 41. Na2 Rc4 42. Ke3 h5 43. Kd3 e5 44. Rc3 e4+ 45. Kd2 Kd5 46. Ra3 Kc6 (46... Kd4 $17) 47. Rc3 $11 Nd5 48. Rxc4+ bxc4 {[%emt 0:00:07] KN-KN} 49. Kc2 Kd6 50. Kd2 Kc6 51. Kc2 e3 52. fxe3 Nxe3+ 53. Kd2 Nd5 54. Kc2 Kd6 55. Kb2 Ke5 56. Ka3 $2 (56. b5 $1 $11) 56... Ke4 $19 57. Ka4 {[%emt 0:04:21] [#]} Kf3 $2 ({Better is} 57... c3 $1 $19 {Strongly threatening ...Kd3.} 58. Kb3 Kd3) 58. Kb5 $15 c3 (58... Kxg3 $15 59. Kxc4 Nb6+ 60. Kc5 Nc8) 59. Kc5 $11 {[%emt 0:02:22] The position is equal.} Nxb4 60. Nxb4 Kxg3 {[%emt 0:00:18] Hoping for ...f4.} 61. Kd4 Kxh4 {[%emt 0:00:22] Threatens to win with ...Kg3.} 62. Kxc3 {[%emt 0:00:13] KN-KPP} Kg3 63. Kd2 h4 64. Ke1 h3 {[%emt 0:01:59] ( -> ...h2)} 65. Nd3 h2 66. Nf2 Kg2 67. Nh1 f4 68. Nf2 Kg1 69. Nh1 Kxh1 $4 (69... f3 $11) 70. Kf1 {[%emt 0:00:03][%mdl 32768] Weighted Error Value: White=0.18 (very precise) /Black=0.15 (very precise) . An unexpected result.} 1/2-1/2

[Event "German Bundesliga 2021-22"]
[Site "Germany"]
[Date "2022.05.01"]
[Round "6.7"]
[White "Lindgren, Philip"]
[Black "Gauglitz, Gernot"]
[Result "1/2-1/2"]
[ECO "D97"]
[WhiteElo "2361"]
[BlackElo "2392"]
[Annotator "TA"]
[PlyCount "166"]
[EventDate "2022.03.05"]
[EventType "team-tourn"]
[EventCountry "GER"]
[SourceTitle "playchess.com"]
[Source "ChessBase"]
[SourceQuality "1"]
[TimeControl "40/5400+30:1800+30"]

1. d4 Nf6 2. c4 g6 3. Nf3 Bg7 4. Nc3 d5 5. Qb3 dxc4 6. Qxc4 O-O 7. e4 Na6 8. Be2 c5 9. d5 e6 10. O-O exd5 11. exd5 Bf5 12. Nh4 {[%emt 0:10:00] D97: Grünfeld: Russian System: 7 e4, replies other than 7...Bg4.} Bd7 13. Rd1 Re8 {[%emt 0:03:06][%cal Ob7b5] ...b5! is the strong threat.} 14. Be3 $2 {[%emt 0:03:21] [#]} (14. Nf3 $11) 14... Rc8 $146 (14... b5 $1 $19 15. Qf4 (15. Nxb5 $2 Re4 $19) 15... b4 $1) ({Predecessor:} 14... b5 15. Qf4 b4 16. Nb5 Re4 17. Qg3 Ng4 18. Nf3 Nxe3 19. fxe3 Rxe3 20. Qf2 Qe8 {0-1 (47) Edouard,R (2587)-Le Roux,J (2517) Caen 2011}) 15. Nf3 $11 Qa5 16. a4 (16. d6 {is more complex.} Qb4 17. Ng5 Rf8 18. Qb3) 16... Nb4 {[%emt 0:04:12][%cal Ba6b4,Bb4c2,Bc2d4][%mdl 32] Black wants to play ...Nc2.} 17. Rd2 {[%emt 0:12:04] Against Nc2} a6 18. Qh4 Bf5 {[%emt 0:05:53] aiming for ...Nc2.} 19. d6 Nc2 20. Bg5 Nd7 (20... Nxa1 $17 21. Bxf6 Nb3) 21. Rc1 (21. Rad1 $11) 21... Nd4 $1 $15 22. Be7 Qb4 23. Bd1 {[%emt 0:07:03] [#]} (23. Rcd1 $15) 23... Bf8 (23... Be6 $1 $17 {[%cal Oe8e7] White must now prevent ...Rxe7!} 24. g3 (24. Ng5 $2 Ne2+ 25. Bxe2 Qxh4 $19) 24... Nf5 25. Qxb4 cxb4) 24. Nxd4 $11 ({Don't go for} 24. Ng5 $2 {[#]} Ne2+ $1 25. Bxe2 Qxh4 $19) 24... cxd4 25. Qxd4 ({Wrong is} 25. Rxd4 $2 Qxb2 26. g4 Be6 $19) 25... Qxd4 (25... Rc4 {with more complications.} 26. Qe3 Bxe7 27. Be2 Rcc8) 26. Rxd4 Bxe7 27. dxe7 Rxe7 28. Bf3 Ne5 $40 {[%emt 0:00:13][%mdl 128] Black has some attack.} 29. Be4 Be6 30. Rcd1 Nc4 31. Rd8+ Rxd8 32. Rxd8+ Kg7 33. Rb8 Bd5 34. Nxd5 Rxe4 $17 {[%emt 0:00:05][%cal Re4e1][%mdl 4096] Endgame KRN-KRN} 35. f3 Rd4 36. Nc3 Nxb2 ({Black should try} 36... Nd6 $17) 37. Rxb7 $11 Nxa4 38. Nxa4 (38. Ne4 $1 $11 {and White has nothing to worry.}) 38... Rxa4 $17 {[%emt 0:00:06] KR-KR} 39. Kf2 Ra2+ 40. Kg3 g5 (40... a5 $17 {Threatens to win with ...a4.} 41. Ra7 a4) 41. Rb6 (41. Rb4 $1 $15) 41... h5 (41... Ra4 $17 {Hoping for ...a5.} 42. f4 Rxf4 43. Rxa6 h5) 42. h4 $1 $11 f6 43. Rc6 Ra5 44. Rb6 Kg6 45. hxg5 Rxg5+ 46. Kh3 a5 47. Ra6 Rc5 48. Kh4 Rb5 49. Ra8 Rb4+ 50. Kh3 a4 51. g3 Kg5 52. Ra5+ {[%emt 0:00:00] The position is equal.} f5 53. f4+ Kg6 54. Ra6+ Kg7 55. Kh4 Rb3 56. Rxa4 Kg6 57. Ra6+ Kg7 58. Ra8 Kg6 59. Rg8+ Kf6 60. Kxh5 Kf7 61. Rg5 Kf6 62. Kh4 Rb8 63. Kh3 Rh8+ 64. Kg2 Ra8 65. Rh5 Kg6 66. Rh1 Ra2+ 67. Kh3 Ra3 68. Rb1 Rc3 69. Rb6+ Kg7 70. Kh4 Ra3 71. Rb7+ Kg6 72. Rb6+ Kg7 73. Kg5 Rxg3+ 74. Kxf5 Ra3 75. Rb7+ Kf8 76. Kg5 Ra6 77. f5 Rc6 78. Rb8+ Kf7 79. Rb7+ Kf8 80. Rh7 Ra6 81. Rh6 Rxh6 82. Kxh6 {[%emt 0:00:06] White wants to mate with Kg6.} Kf7 83. f6 Kxf6 {[%emt 0:00:06] Weighted Error Value: White=0.26 (precise) /Black=0.28 (precise)} 1/2-1/2